 Dungeon Crawl Stone Soup version 0.31-a0-1118-gbca3d03946 (webtiles) character file.

Game seed: 16832563688198535996

6 inmateoo the Trooper (level 1, -1/20 HPs)
             Began as a Minotaur Fighter on Dec 4, 2023.
             Succumbed to a kobold's poison
             ... on level 1 of the Dungeon.
             The game lasted 00:00:11 (121 turns).

inmateoo the Trooper (Minotaur Fighter)              Turns: 121, Time: 00:00:12

Health: -1/20      AC:  7    Str: 20    XL:     1   Next: 75%
Magic:  0/0        EV:  9    Int:  5    God:
Gold:   6          SH:  4    Dex:  9    Spells: 0/0 levels left

rFire   . . .        a - +0 war axe
rCold   . . .        c - +0 buckler
rNeg    . . .        b - +0 scale mail
rPois   .            (helmet restricted)
rElec   .            (no cloak)
rCorr   .            (no gloves)
SInv    .            (no boots)
Will    .....        (no amulet) Stlth
                     (no ring)
HPRegen 0.23/turn    (no ring)
MPRegen 0.07/turn

%: no passive effects
@: mighty, lethally poisoned (-1 -> -20)
A: horns 2, retaliatory headbutt
a: no special abilities


You were on level 1 of the Dungeon.
You visited 1 branch of the dungeon, and saw 1 of its levels.

You collected 6 gold pieces.

Inventory:

Hand Weapons
 a - a +0 war axe (weapon)
Armour
 b - a +0 scale mail (worn)
 c - a +0 buckler (worn)
Scrolls
 e - a scroll of teleportation {unknown}


   Skills:
 + Level 3.7 Fighting
 * Level 2.7 Axes
 + Level 3.7 Armour
 + Level 0.3 Dodging
 + Level 3.7 Shields


You couldn't memorise any spells.
You didn't know any spells.
Your spell library was empty.

Dungeon Overview and Level Annotations

Branches:
Dungeon (1/15)

Altars:


Innate Abilities, Weirdness & Mutations

You have a pair of horns on your head.
You reflexively headbutt those who attack you in melee.


Message History

e - a scroll labelled NAITIZ UMIMUI No target in view! 2 kobolds come into view.
A kobold is wielding a +2 short sword of venom.
Found a scroll labelled SIUT GAMNOK.
The kobold shouts!
The kobold throws a stone.
The stone completely misses you.
There are monsters nearby!
There are monsters nearby!
A kobold comes into view. It is wielding a +0 short sword.
The kobold shouts!
There are monsters nearby!
The kobold barely misses you.
You miss the kobold. You hit the kobold but do no damage.
The kobold hits you with a +2 short sword of venom.
You are poisoned.
The kobold barely misses you.
You barely miss the kobold. You hit the kobold but do no damage.
You feel very sick. The kobold hits you but does no damage.
You are lethally poisoned!
The kobold hits you with a +0 dagger. The kobold closely misses you.
There is a lethal amount of poison in your body!
You are too injured to fight recklessly!
There is a lethal amount of poison in your body!
There is a lethal amount of poison in your body!
You are too injured to fight recklessly!
There is a lethal amount of poison in your body!
You are too injured to fight recklessly!
You are too injured to fight recklessly!
You feel very mighty all of a sudden.
You feel very sick.
The kobold hits you with a +2 short sword of venom.
* * * LOW HITPOINT WARNING * * *
You are more poisoned.
The kobold hits you but does no damage. You block the kobold's attack.
You slash the kobold!
You kill the kobold!
You barely miss the kobold. You closely miss the kobold.
You die...

######.# #.# #.........
######.# #.........
#......### #.........
#.#...†..# ##.........
#.#.#.†#.# #..........
#.#....#.# #..........
#.######.# #..KK......
.........# #..@)......
#..####..#####..........
.............#.....?....
##♣♣♣.♣♣♣##..#.#######..
# ♣⌠♣ #..#.# .
♣♣♣♣♣.♣♣♣♣♣..#.#
...⌠.<.⌠.....#.#
♣♣♣♣♣.♣♣♣♣♣..#.# # ♣⌠♣
#..#.#


You could see 2 kobolds.

Vanquished Creatures
  A bat (D:1)
  2 hobgoblins (D:1)
  A frilled lizard (D:1)
  2 kobolds (D:1)
  A rat (D:1)
7 creatures vanquished.

Notes
Turn   | Place    | Note
-------+----------+-------------------------------------------
     0 | D:1      | inmateoo the Minotaur Fighter began the quest for the Orb.
     0 | D:1      | Reached XP level 1. HP: 19/19 MP: 0/0
   121 | D:1      | Succumbed to a kobold's poison

Illustrated notes

Levels and vault maps discovered:
D:1:      scummos_arrival_forest, layout_basic,
          shapermc_ecumenical_altar_pompeii, serial_shops,
          nicolae_shop_advertising_works [nicolae_subvault_shop_adworks]

Action                     || total
---------------------------++-------
  Melee: War axe           ||     9
    Use: Potion            ||     1
 Armour: Scale mail        ||    12
  Dodge: Dodged            ||     6
  Block: Buckler           ||     3

Table legend: (Time is in decaauts)
 A = Elapsed time spent in this place.
 B = Non-inter-level travel time spent in this place.
 C = Inter-level travel time spent in this place.
 D = Time resting spent in this place.
 E = Time spent auto-exploring this place.
 F = Levels seen in this place.
 G = Mean time per level.
                   A        B        C        D        E       F      G
               +--------+--------+--------+--------+--------+-----+--------+
         Total |    124 |    124 |      0 |      0 |     93 |   1 |  124.0 |
       Dungeon |    124 |    124 |      0 |      0 |     93 |   1 |  124.0 |
               +--------+--------+--------+--------+--------+-----+--------+

Top non-repeatable levels by time:
     D:1: 124 daAuts
